 Dungeon Crawl Stone Soup version 0.25-a0-1133-g93ebf739aa (webtiles) character file.

Game seed: 979950033746341263, levelgen mode: deterministic

247 Hastur the Skirmisher (level 5, -9/42 HPs)
             Began as a Demonspawn Artificer on May 21, 2020.
             Killed by divine providence
             ... invoked by an orc priest
              (14 damage)
             ... on level 3 of the Dungeon.
             The game lasted 00:09:15 (3324 turns).

Hastur the Skirmisher (Demonspawn Artificer)        Turns: 3324, Time: 00:09:15

Health: -9/42      AC:  6    Str: 13    XL:     5   Next: 85%
Magic:  7/7        EV: 11    Int: 12    God:
Gold:   126        SH:  0    Dex: 20    Spells: 4/4 levels left

rFire    . . .     SeeInvis .   a - +3 dagger (venom)
rCold    . . .     Gourm    .   (no shield)
rNeg     . . .     Faith    .   o - +0 ring mail
rPois    .         Spirit   .   t - +0 helmet
rElec    .         Reflect  .   (no cloak)
rCorr    .         Harm     .   (no gloves)
MR       .....                  (no boots)
Stlth    +++.......             (no amulet)
HPRegen  0.14/turn              w - +6 ring of dexterity
MPRegen  0.10/turn              (no ring)

@: no status effects
A: talons 1, nightstalker 1
a: no special abilities


You were on level 3 of the Dungeon.
You were not hungry.

You visited 1 branch of the dungeon, and saw 3 of its levels.

You collected 126 gold pieces.

Inventory:

Hand Weapons
 a - a +3 dagger of venom (weapon)
 b - a +0 hunting sling
 D - a +0 scimitar
Missiles
 y - 48 sling bullets
 A - 55 stones (quivered)
Armour
 o - a +0 ring mail (worn)
 t - a +0 helmet (worn)
 v - a +0 leather armour
Jewellery
 g - a cursed ring of attention {unknown}
 w - a +6 ring of dexterity (left hand)
 z - an uncursed ring of flight {unknown}
Wands
 c - a wand of flame (15)
 d - a wand of enslavement (15)
 e - a wand of random effects (15)
Scrolls
 h - a scroll of enchant weapon {unknown}
 i - 6 scrolls of identify {unknown}
 j - a scroll of immolation {unknown}
 l - a scroll of magic mapping {unknown}
 p - 2 scrolls of fear {unknown}
 q - 2 scrolls of remove curse {unknown}
Potions
 k - a potion of haste {unknown}
 m - a potion of curing {unknown}
 n - 2 potions of mutation {unknown}
 r - a potion of magic {unknown}
 s - a potion of lignification {unknown}
 u - a potion of heal wounds {unknown}
 x - a potion of stabbing {unknown}
 C - a potion of brilliance {unknown}
Comestibles
 f - 2 rations
 B - 8 chunks of flesh


   Skills:
 + Level 4.2 Fighting
 - Level 0.8 Short Blades
 - Level 1.7 Dodging
 + Level 4.1 Stealth
 - Level 3.0 Evocations


You had 4 spell levels left.
You didn't know any spells.
Your spell library was empty.

Dungeon Overview and Level Annotations

Branches:
Dungeon (3/15)

Altars:
Sif Muna
Zin


Innate Abilities, Weirdness & Mutations

You have sharp toenails.
You are slightly more attuned to the shadows.


Message History

You barely miss the orc priest.
You claw the orc priest, but do no damage.
The orc priest calls down the wrath of Beogh upon you.
Pain shoots through your body!
* * * LOW HITPOINT WARNING * * *
You barely miss the orc priest. You claw the orc priest.
The orc priest is lightly wounded.
The orc priest hits you with a +0 hand axe.
* * * LOW HITPOINT WARNING * * *
Unknown command.
Okay, then.
You closely miss the orc priest.
The orc priest is lightly wounded.
The orc priest hits you with a +0 hand axe.
* * * LOW HITPOINT WARNING * * *
You closely miss the orc priest. You claw the orc priest.
The orc priest is moderately wounded.
The orc priest invokes the aid of Beogh against you.
Beogh smites you!
You die...

###.....#....†....#####
#...).#...#.####...#..#
#..#...##.o..# #...#..#
..#..#.##.)..# +...'.[#
.....#.##.#..#####÷.####
.....#.##.#..#.).'......
...#....#.#..#...#...P.P
.#. #.#.#.#..#..÷#))####
#..@#.#..#####÷.#
##.÷o)##.# +...#
#..#....# #...####
##.#....####....P.P
#.#...............
#........#........
###....<.###......
#..........#####
#......#####


You could see an orc priest.

Vanquished Creatures
  2 orc priests (D:3)
  An iguana (D:3)
  Robin (D:1)
  4 gnolls (D:3)
  2 adders (D:3)
  An ooze (D:2)
  3 dart slugs
  2 worms (D:2)
  2 leopard geckos (D:2)
  3 orcs (D:3)
  2 ball pythons
  6 giant cockroaches
  4 hobgoblins
  4 jackals (D:2)
  A quokka (D:3)
  7 bats
  3 frilled lizards
  16 goblins
  4 kobolds
  A rat (D:1)
69 creatures vanquished.

Notes
Turn   | Place    | Note
-------+----------+-------------------------------------------
     0 | D:1      | Hastur the Demonspawn Artificer began the quest for the
                  | Orb.
     0 | D:1      | Reached XP level 1. HP: 15/15 MP: 3/3
    35 | D:1      | Reached skill level 1 in Stealth
   368 | D:1      | Gained mutation: You are slightly more attuned to the
                  | shadows. [demonic ancestry]
   368 | D:1      | Reached XP level 2. HP: 21/21 MP: 4/4
  1458 | D:2      | Reached XP level 3. HP: 26/27 MP: 5/5
  1459 | D:2      | Noticed Robin
  1493 | D:1      | Killed Robin
  2393 | D:2      | Found a shimmering blue altar of Sif Muna.
  2397 | D:2      | Found a glowing silver altar of Zin.
  2437 | D:2      | Reached XP level 4. HP: 30/34 MP: 6/6
  3153 | D:3      | Gained mutation: You have sharp toenails. [demonic
                  | ancestry]
  3153 | D:3      | Reached XP level 5. HP: 40/42 MP: 7/7
  3324 | D:3      | Killed from afar by an orc priest

Illustrated notes

Levels and vault maps discovered:
D:1:      roderic_dead_forest, layout_basic
D:2:      layout_loops_corners, grunt_temple_overflow_open, uniq_robin
D:3:      corexii_shack_village, layout_rooms, tgw_xom, first_ration

Skill      XL: |  1  2  3  4  5 |
---------------+----------------+-----
Stealth        | 1 2 3 4 |  4.1
Fighting       | 2 3 4 |  4.2
Short Blades   | |  0.8
Dodging        | |  1.7
Evocations     | |  3.0

Action                   |  1- 3 |  4- 6 || total
-------------------------+-------+-------++-------
Melee: Short sword       |   161 |       ||   161
       Dagger            |    16 |    73 ||    89
       Kick              |       |    12 ||    12
 Fire: Hunting sling     |    22 |       ||    22
 Stab: Sleeping          |     3 |     4 ||     7
  Eat: Chunk             |     5 |     3 ||     8
Armor: Leather armour    |    14 |       ||    14
       Ring mail         |    41 |    22 ||    63
Dodge: Dodged            |   111 |    32 ||   143

Table legend:
 A = Non-vault XP
 B = Vault XP
 C = Vault XP percentage of total XP
 D = Non-vault monster count
 E = Vault monster count
 F = Vault count percentage of total count
                 A         B        C        D         E       F
            +---------+---------+-------+---------+---------+-------
      Total |     311 |      42 |  11.9 |      55 |      14 |  20.3
            +---------+---------+-------+---------+---------+-------
        D:1 |      32 |      15 |  31.9 |      18 |       1 |   5.3
        D:2 |      55 |      18 |  24.7 |      21 |       9 |  30.0
        D:3 |     224 |       9 |   3.9 |      16 |       4 |  20.0
            +---------+---------+-------+---------+---------+-------
